 Dungeon Crawl Stone Soup version 0.26.0-18-gc5c842f807 (webtiles) character file.

Game seed: 12769587882953504059

2988 Marvel the Fighter (level 9, -5/150 HPs)
             Began as an Ogre Berserker on Jan 23, 2021.
             Was a Priest of Trog.
             Slain by a killer bee (8 damage)
             ... on level 7 of the Dungeon.
             The game lasted 00:17:18 (10208 turns).

Marvel the Fighter (Ogre Berserker)                Turns: 10208, Time: 00:17:18

Health: -5/150     AC:  3    Str: 26    XL:     9   Next: 83%
Magic:  9/9        EV: 11    Int:  8    God:    Trog [***...]
Gold:   366        SH:  0    Dex:  8    Spells: 8/8 levels left

rFire    . . .     SeeInvis .   y - +1 flail (drain)
rCold    + . .     Faith    .   (no shield)
rNeg     . . .     Spirit   .   b - +0 animal skin
rPois    +         Reflect  .   (helmet restricted)
rElec    .         Harm     .   (no cloak)
rCorr    .         Rampage  .   (gloves unavailable)
Will     .....                  (boots unavailable)
Stlth    ..........             (no amulet)
HPRegen  0.35/turn              j - ring of poison resistance
MPRegen  0.11/turn              m - ring of protection from cold

@: berserking (expiring), very quick
A: large, unfitting armour, tough skin 1
a: Renounce Religion, Berserk, Trog's Hand


You were on level 7 of the Dungeon.
You worshipped Trog.
Trog was most pleased with you.
You visited 1 branch of the dungeon, and saw 7 of its levels.

You collected 366 gold pieces.

Inventory:

Hand Weapons
 h - a +0 flail
 t - a +0 giant spiked club
 u - a +0 giant club
 y - a +1 flail of draining (weapon)
Missiles
 B - 50 poisoned darts (quivered)
Armour
 b - a +0 animal skin (worn)
 v - a +0 tower shield
Jewellery
 j - a ring of poison resistance (left hand)
 m - a ring of protection from cold (right hand)
Wands
 l - a wand of flame (10)
 q - a wand of digging (6)
Scrolls
 c - 3 scrolls of fear {unknown}
 e - 3 scrolls of remove curse {unknown}
 f - 4 scrolls of identify {unknown}
 i - 2 scrolls of random uselessness {unknown}
 n - a scroll of blinking
 o - 3 scrolls of enchant armour {unknown}
 s - a scroll of amnesia
 A - a scroll of teleportation {unknown}
Potions
 a - 2 potions of ambrosia {unknown}
 d - 6 potions of curing {unknown}
 g - 2 potions of might {unknown}
 k - a potion of flight {unknown}
 p - 2 potions of lignification {unknown}
 r - 3 potions of berserk rage
 w - a potion of degeneration {unknown}
 x - a potion of heal wounds {unknown}
 z - a potion of attraction {unknown}


   Skills:
 + Level 9.4 Fighting
 + Level 9.2 Maces & Flails
 + Level 5.9 Dodging
 - Level 0.2 Stealth
 * Level 1.1 Shields
 + Level 1.7 Evocations


You had 8 spell levels left.
You didn't know any spells.
Your spell library was empty.

Dungeon Overview and Level Annotations

Branches:
Dungeon (7/15)             Temple (0/1) D:6

Altars:
Ashenzari
Gozag
Sif Muna
Trog
Vehumet
Xom

Shops:
D:5 :

Annotations:
D:6 2 transporters, kthxbai's ghost, amateur FoMo


Innate Abilities, Weirdness & Mutations

You are too large for most types of armour.
You have tough skin. (AC +1)


Message History

The killer bee stings you!
* * * LOW HITPOINT WARNING * * *
The killer bee stings you!
* * * LOW HITPOINT WARNING * * *
You closely miss the killer bee. The killer bee barely misses you.
The killer bee stings you.
* * * LOW HITPOINT WARNING * * *
The killer bee stings you.
* * * LOW HITPOINT WARNING * * *
You miss the killer bee. The killer bee barely misses you.
The killer bee misses you.
You barely miss the killer bee.
The killer bee stings you but does no damage.
The killer bee stings you.
* * * LOW HITPOINT WARNING * * *
You bludgeon the killer bee!!
You kill the killer bee!
Trog accepts your kill. The killer bee stings you!
You die...

#........................
#######.....##...##..##..
#####.......#......
#####.#.#..###. ****#######*
#.#....# ## *,,,.......*
########....).#### *,,,(......*
#...............##
*,,,.......####†#######.......##
*,,,.........(y@# ###......#
*,,,.......###########.......###
*,,,....y..,** #...##.....>....
*,,,......(,.####......###...##.
*,,,..y....*.........### ##...#.
****.y.....,,.###...## #.....
*,..y..?.,,,* #...# ##.##.
*,.......,.##*#...# #)#..
*,,,,,,,,,...##...# #....


You could see a killer bee.

Vanquished Creatures
  A two-headed ogre (D:7)
  3 yaks (D:6)
  Menkaure (D:7)
  Edmund (D:6)
  A sky beast (D:6)
  4 ogres
  A centaur (D:6)
  A big kobold (D:7)
  2 bullfrogs
  5 killer bees (D:7)
  A bullfrog zombie (D:6)
  3 orc wizards
  A centaur zombie (D:6)
  3 jellies
  An orc priest (D:4)
  3 hounds
  A centaur skeleton (D:5)
  Terence (D:2)
  4 iguanas
  3 worker ants (D:4)
  A worker ant zombie (D:7)
  A howler monkey zombie (D:6)
  3 gnolls
  6 adders
  A shadow imp (D:7)
  A white imp (D:6)
  An ufetubus (D:6)
  An ooze (D:1)
  2 adder skeletons
  6 worms
  2 dart slugs
  4 leopard geckos
  9 orcs
  3 ball pythons (D:2)
  3 bats
  11 giant cockroaches
  9 goblins
  5 hobgoblins
  5 jackals
  6 quokkas
  6 frilled lizards
  11 kobolds
  A quokka skeleton (D:5)
  9 rats
148 creatures vanquished.

Vanquished Creatures (others)
  A plant (D:2)
1 creature vanquished.

Grand Total: 149 creatures vanquished

Notes
Turn   | Place    | Note
-------+----------+-------------------------------------------
     0 | D:1      | Marvel the Ogre Berserker began the quest for the Orb.
     0 | D:1      | Reached XP level 1. HP: 24/24 MP: 1/1
   193 | D:1      | Reached XP level 2. HP: 27/32 MP: 2/2
   708 | D:1      | Reached XP level 3. HP: 38/40 MP: 3/3
  1059 | D:1      | Reached ** piety under Trog
  2052 | D:2      | Reached XP level 4. HP: 49/49 MP: 4/4
  2201 | D:2      | Noticed Terence
  2221 | D:2      | Killed Terence
  2508 | D:2      | Found a faded altar of an unknown god.
  2561 | D:2      | Reached skill level 5 in Fighting
  2641 | D:2      | Reached XP level 5. HP: 34/57 MP: 5/5
  3359 | D:3      | Found a broken altar of Ashenzari.
  4214 | D:4      | Reached XP level 6. HP: 57/67 MP: 6/6
  5174 | D:5      | Entered Level 5 of the Dungeon
  5230 | D:5      | Reached skill level 5 in Maces & Flails
  5515 | D:5      | Found Iwnot's Book Shop.
  5718 | D:5      | Reached XP level 7. HP: 33/75 MP: 7/7
  6578 | D:6      | Reached *** piety under Trog
  6701 | D:6      | Found a transporter.
  6701 | D:6      | Identified the +8 dire flail of Moderation {spect, rElec
                  | rF+ Str-5 Int+3}
  6701 | D:6      | Noticed a two-headed ogre
  6701 | D:6      | Noticed kthxbai's ghost (amateur FoMo)
  6856 | D:6      | Noticed Edmund
  6874 | D:6      | Killed Edmund
  7033 | D:6      | Noticed a yak
  7033 | D:6      | Noticed a yak
  7051 | D:6      | Killed a yak
  7052 | D:6      | Reached XP level 8. HP: 56/84 MP: 8/8
  7172 | D:6      | Found a transporter.
  7175 | D:6      | Noticed a yak
  7197 | D:6      | Killed a yak
  7198 | D:6      | Killed a yak
  7363 | D:6      | Found an opulent altar of Gozag.
  7378 | D:6      | Found a radiant altar of Vehumet.
  8049 | D:6      | Found a staircase to the Ecumenical Temple.
  8324 | D:7      | Noticed a two-headed ogre
  8355 | D:6      | Reached skill level 5 in Dodging
  9332 | D:7      | Reached XP level 9. HP: 84/96 MP: 9/9
  9401 | D:7      | Reached skill level 1 in Evocations
  9414 | D:7      | Noticed Menkaure
  9419 | D:7      | Killed Menkaure
  9492 | D:7      | Killed a two-headed ogre
  9759 | D:7      | Found a bloodstained altar of Trog.
  9759 | D:7      | Found a shimmering altar of Xom.
  9759 | D:7      | Found a shimmering blue altar of Sif Muna.
 10195 | D:7      | Reached skill level 1 in Shields
 10205 | D:7      | HP: 3/150 [killer bee (6)]
 10208 | D:7      | Slain by a killer bee

Illustrated notes

Levels and vault maps discovered:
D:1:      tarquinn_simple_flora_water_a, layout_basic
D:2:      layout_basic, chequers_ecumenical_altar_simple,
          chequers_serial_rivers_small_b, minmay_shallow_snake_nest,
          uniq_terence
D:3:      layout_loops_ring, chequers_jeans, ashenzari_altar_1
D:4:      layout_cave_pods
D:5:      layout_rooms, serial_shops, shop, serial_corexii_hall,
          chequers_hall_statues_y, chequers_hall_statues_y,
          corexii_hall_statues_t, chequers_hall_statues_corner_a
D:6:      layout_loops_corners, old_standard_altar, overflow_temple_1_default,
          minmay_temple_entry_nine_rooms, gammafunk_ghost_smash, uniq_edmund
D:7:      layout_rooms, chequers_temple_overflow_statue_of_worship,
          minmay_crossroads, uniq_menkaure

Skill      XL: |  1  2  3  4  5  6  7  8  9 |
---------------+----------------------------+-----
Maces & Flails | 3 4 5 6 8 9 |  9.2
Dodging        | 3 4 5 |  5.9
Fighting       | 5 6 8 9 |  9.4
Evocations     | 1 |  1.7
Shields        | 1 |  1.1
Stealth        | |  0.2

Action                   |  1- 3 |  4- 6 |  7- 9 || total
-------------------------+-------+-------+-------++-------
Melee: Mace              |   109 |    23 |       ||   132
       Flail             |       |   224 |   252 ||   476
Throw: Dart              |       |       |     2 ||     2
Invok: Berserk           |     1 |     5 |     3 ||     9
Evoke: Wand              |       |       |    15 ||    15
  Use: Scroll            |       |       |     6 ||     6
Armor: Animal skin       |    37 |    51 |    41 ||   129
Dodge: Dodged            |    70 |   145 |   162 ||   377
